 Dungeon Crawl Stone Soup version 0.20-a0-903-g7e3609c (webtiles) character file.

28 M4edhros the Gusty (level 3, -2/24 HPs)
             Began as a Formicid Air Elementalist on Mar 21, 2017.
             Slain by a hobgoblin
             ... wielding a +0 long sword
              (9 damage)
             ... on level 2 of the Dungeon.
             The game lasted 00:01:38 (915 turns).

M4edhros the Gusty (Formicid Air Elementalist)       Turns: 915, Time: 00:01:38

Health: -2/24      AC:  3    Str: 12    XL:     3   Next: 27%
Magic:  0/6        EV: 12    Int: 14    God:
Gold:   16         SH:  0    Dex: 12    Spells: 5/6 levels left

rFire    . . .     SeeInvis +   (no weapon)
rCold    . . .     Gourm    .   a - +0 robe
rNeg     . . .     Faith    .   (no shield)
rPois    .         Spirit   .   (helmet unavailable)
rElec    .         Reflect  .   (no cloak)
rCorr    .         Harm     .   (no gloves)
MR       .....                  k - +0 pair of boots
Stlth    ++........             (no amulet)
Regen    0.1/turn               (no ring)
MPRegen  0.1/turn               (no ring)

@: no status effects
A: permanent stasis, dig shafts and tunnels, four strong arms, antennae 3
a: Dig, Shaft Self


You were on level 2 of the Dungeon.
You were hungry.

You visited 1 branch of the dungeon, and saw 2 of its levels.

You collected 16 gold pieces.

Inventory:

Armour
 a - a +0 robe (worn)
 k - a +0 pair of boots (worn)
Scrolls
 d - a scroll of identify {unknown}
 e - a scroll of recharging {unknown}
 h - a scroll of fog {unknown}
 i - a scroll of random uselessness {unknown}
Potions
 g - 3 potions of curing {unknown}
 j - a potion of heal wounds {unknown}
Books
 b - a book of Air

   Spells                             Type                      Level
   a - Shock                          Conjuration/Air              1
   b - Swiftness                      Charms/Air                   2
   c - Static Discharge               Conjuration/Air              3
   d - Airstrike                      Air                          4
   e - Lightning Bolt                 Conjuration/Air              5
Comestibles
 c - 2 bread rations
 f - 2 meat rations


   Skills:
 + Level 2.2 Dodging
 - Level 2.4 Stealth
 + Level 2.3 Spellcasting
 + Level 1.7 Conjurations
 + Level 2.7 Air Magic


You had 5 spell levels left.
You knew the following spells:

 Your Spells              Type           Power        Failure   Level  Hunger
a - Shock                 Conj/Air       #...         12%         1    #......


Dungeon Overview and Level Annotations

Branches:
Dungeon (2/15)

Altars:


Innate Abilities, Weirdness & Mutations

You cannot be hasted, slowed, berserked, paralysed or teleported.
You can dig through walls and to a lower floor.
Your four strong arms can wield two-handed weapons with a shield.
You have a pair of large antennae on your head. (SInv)


Message History

Casting: Shock
Confirm with . or Enter, or press ? or * to list all spells.
Aiming: Shock
Press: ? - help, Shift-Dir - straight line The zap hits the worm.
The worm is severely wounded.
The zap hits the worm.
The worm is almost dead.
The bat barely misses you.
You barely miss the worm.
The worm is almost dead.
The worm bites you!
* * * LOW HITPOINT WARNING * * *
The bat closely misses you.
Unknown command.
You hit the worm but do no damage.
The worm is almost dead.
The bat hits you but does no damage. x2
The hobgoblin hits you with a long sword!
You die...

#####.....## #
#..........#..#
#.###......#..# #.#
##...#.#..#
#####.#####.##.#..##
...................##
#####.#####.##.#....#
#.#.....##.#bg..#
#.#.######.#@##.#
#.#.######.#w##.#
#.#.....##.#.##.########
#.###......#...#........
#.###<###..####.########
#.....# #..# #.#
#####.###.## #.# #..†..#
#.# ###.### #<########


You could see a worm, a hobgoblin and a bat.

Vanquished Creatures
  An adder (D:2)
  2 dart slugs
  A giant cockroach (D:2)
  4 hobgoblins (D:1)
  A bat (D:1)
  3 frilled lizards
  2 kobolds
  3 rats
17 creatures vanquished.

Notes
Turn   | Place    | Note
-------+----------+-------------------------------------------
     0 | D:1      | M4edhros the Formicid Air Elementalist began the quest for the Orb.
     0 | D:1      | Reached XP level 1. HP: 13/13 MP: 3/3
    49 | D:1      | Reached skill level 1 in Conjurations
   232 | D:1      | Reached XP level 2. HP: 10/19 MP: 0/5
   763 | D:2      | Reached XP level 3. HP: 24/24 MP: 1/6
   915 | D:2      | Slain by a hobgoblin

Vault maps used:
D:1:      ncdulo_smallfort, hex_medium
D:2:      first_bread, kennysheep_cluttered_room, uniq_natasha

Skill      XL: |  1 |
---------------+----+-----
Conjurations   | 1 |  1.7
Dodging        | 2 |  2.2
Stealth        | |  2.4
Spellcasting   | |  2.3
Air Magic      | |  2.7

Action                   || total
-------------------------++-------
Melee: Unarmed           ||    38
 Cast: Shock             ||    40
Armor: Robe              ||    12
Dodge: Dodged            ||    54
